[Event "Schack-SM 2022: Mastarklassen-Elit"]
[Site "Fyrishov, Idrottsgatan 2, Uppsala, Sweden"]
[Date "2022.07.03"]
[Round "2.4"]
[White "Johansson, Jan"]
[Black "Thorn, Eric"]
[Result "1-0"]
[TimeControl "90 minutes for 40 moves + 30 minutes for the rest of the game + 30 seconds per move from move one."]
[WhiteTitle "IM"]
[BlackTitle "FM"]
[WhiteFideId "1700103"]
[BlackFideId "1710729"]
[WhiteElo "2306"]
[BlackElo "2366"]

1. d4 Nf6 2. Nf3 c5 3. d5 b5 4. a4 b4 5. Bg5 g6 6. Nbd2 Bg7 7. e4 O-O 8. Bd3 Ba6 9. O-O Qc8 10.
Re1 c4 11. Bf1 e6 12. Bxf6 Bxf6 13. e5 Bg7 14. Ne4 Qc7 15. Qd4 exd5 16. Qxd5 Nc6 17. Nc5 Qa5 18. Rad1 Ne7 19. Qd6 Nf5 20.
Qxa6 Qxc5 21. Bxc4 Rac8 22. Bb3 Rc6 23. Qd3 Rc7 24. Qe4 Qe7 25. Rd5 Re8 26. Rb5 d6 27. exd6 Qxe4 28. Rxe4 Nxd6 29. Rxe8+ Nxe8 30. Rxb4 Kf8 31. c3 Nd6 32. Kf1 a5 33. Rb8+ Ke7 34. Ke2 Nb7 35. Bc2 h6 36. Ra8 Kd6 37.
Nd2 Kc5 38. Ne4+ Kb6 39. Re8 Kc6 40. Ra8 Re7 41. Kf3 Rd7 42. Ke2 Re7 43. Ra6+ Kc7 44. Kd1 Be5 45. g3 Kc8 46. f4 Bc7 47.
Nf6 h5 48. Bb3 Nc5 49. Ra8+ Bb8 50. Bc4 Kb7 51. Bd5+ Kc8 52. Rxa5 Nd3 53. Rb5 Ba7 54. a5 Bg1 55. a6 Nf2+ 56.
Kd2 Ng4 57. Bb7+ Kb8 58. Bf3+ Ka7 59. Bxg4 hxg4 60. Rb7+ Rxb7 61. axb7 Bxh2 62. Nxg4 Bxg3 63. Ke3 f5 64. Kf3 Bh4 65.
Ne5 g5 66. fxg5 Bxg5 67. Nf7 Bc1 68. b3 Bb2 69. c4 Kxb7 70. Nd6+ Kc6 71. Nxf5 Kc5 72. Ke4 Kb4 73. Nd4 Bc3 74.
Kd5 Bd2 75. c5 Bf4 76. c6 Bb8 77. Ne6 Kxb3 78. Kc5 Kc3 79. Kb6 Kc4 80. Nc7 Kd4 81. Kb7 Kc5 82. Na6+ 1-0

[Event "Schack-SM 2022: Mastarklassen-Elit"]
[Site "Fyrishov, Idrottsgatan 2, Uppsala, Sweden"]
[Date "2022.07.03"]
[Round "2.5"]
[White "Cederstam, Carl"]
[Black "Andersson, Tommy"]
[Result "1/2-1/2"]
[TimeControl "90 minutes for 40 moves + 30 minutes for the rest of the game + 30 seconds per move from move one."]
[WhiteTitle "FM"]
[BlackTitle "IM"]
[WhiteFideId "1713329"]
[BlackFideId "1703803"]
[WhiteElo "2332"]
[BlackElo "2384"]

1. e4 c5 2. Nf3 d6 3. d4 cxd4 4. Nxd4 Nf6 5. Nc3 a6 6. Be2 e6 7. O-O Be7 8. Be3 O-O 9. Qd2 Qc7 10.
a4 b6 11. f4 Bb7 12. Bf3 Nbd7 13. g4 Nc5 14. Qg2 d5 15. exd5 Nxd5 16. Nxd5 exd5 17. Nf5 Ne4 18. Nxe7+ Qxe7 19.
Bd4 b5 20. axb5 axb5 21. Qe2 Bc6 22. Qe3 Rfe8 23. b3 Qd7 24. Rxa8 Bxa8 25. Re1 h6 26. Re2 Bc6 27. Bb2 f6 28.
Qd4 Qc7 29. Bc1 Kh7 30. Kg2 Bb7 31. Qd3 Qc6 32. Bb2 b4 33. Bxe4+ Rxe4 34. Rxe4 dxe4 35. Qc4 Qd7 36. Qe2 f5 37.
gxf5 Qxf5 38. Qe3 Qh5 39. Kg3 Qg6+ 40. Kf2 Qc6 41. c4 bxc3 42. Bxc3 Qg6 43. Qg3 Qf7 44. Ke3 g6 45. f5 gxf5 46.
Qe5 f4+ 1/2-1/2

[ePGN "0.1;DGT LiveChess/2.2.5"]

[Event "Schack-SM 2022: Mastarklassen-Elit"]
[Site "Fyrishov, Idrottsgatan 2, Uppsala, Sweden"]
[Date "2022.07.02"]
[Round "1.1"]
[White "Trost, Edvin"]
[Black "Ernst, Thomas"]
[Result "0-1"]
[TimeControl "90 minutes for 40 moves + 30 minutes for the rest of the game + 30 seconds per move from move one."]
[WhiteTitle "FM"]
[BlackTitle "GM"]
[WhiteFideId "1729519"]
[BlackFideId "1700065"]
[WhiteElo "2345"]
[BlackElo "2289"]

1. d4 Nf6 2. Nf3 g6 3. Nbd2 d5 4. b4 Bg7 5. e3 a5 6. b5 c5 7. bxc6 Nxc6 8. Be2 O-O 9. O-O Ne4 10.
Nxe4 dxe4 11. Nd2 e5 12. c3 exd4 13. cxd4 f5 14. Rb1 Kh8 15. Nc4 f4 16. Nb6 f3 17. Bc4 fxg2 18. Re1 Qh4 19.
Rb2 Ne5 20. Nxc8 Raxc8 0-1

[Event "Schack-SM 2022: Mastarklassen-Elit"]
[Site "Fyrishov, Idrottsgatan 2, Uppsala, Sweden"]
[Date "2022.07.02"]
[Round "1.2"]
[White "Engqvist, Thomas"]
[Black "Von Bahr, Oskar"]
[Result "1/2-1/2"]
[TimeControl "90 minutes for 40 moves + 30 minutes for the rest of the game + 30 seconds per move from move one."]
[WhiteTitle "IM"]
[BlackTitle "IM"]
[WhiteFideId "1700332"]
[BlackFideId "1703250"]
[WhiteElo "2330"]
[BlackElo "2386"]

1. Nf3 Nf6 2. b3 g6 3. Bb2 Bg7 4. g3 O-O 5. Bg2 c5 6. c4 d6 7. O-O e5 8. e3 Nc6 9. d3 h6 10.
Nc3 Be6 11. d4 exd4 12. exd4 d5 13. cxd5 Nxd5 14. Na4 cxd4 15. Nxd4 Nxd4 16. Bxd4 b6 17. Rc1 Rb8 18. Bxg7 Kxg7 19.
Qd4+ Nf6 20. Qe5 Rc8 21. Rxc8 Qxc8 22. Nc3 Qb8 23. Qxb8 Rxb8 24. Nb5 a5 25. Nd4 Bd7 26. Rc1 Rc8 27.
Rxc8 Bxc8 28. a3 Kf8 29. Kf1 Ke7 30. Bf3 Kd6 31. Ke2 Kc5 32. Kd3 Ba6+ 33. Kc3 Nd5+ 34. Bxd5 Kxd5 35. f3 Bf1 36.
Nc2 Be2 37. Ne3+ Ke5 38. Nc4+ Kf5 39. Ne3+ Ke5 40. Nc4+ Kf5 41. Ne3+ Ke5 1/2-1/2

[Event "Schack-SM 2022: Mastarklassen-Elit"]
[Site "Fyrishov, Idrottsgatan 2, Uppsala, Sweden"]
[Date "2022.07.02"]
[Round "1.3"]
[White "Thorn, Eric"]
[Black "Furhoff, Johan"]
[Result "1-0"]
[TimeControl "90 minutes for 40 moves + 30 minutes for the rest of the game + 30 seconds per move from move one."]
[WhiteTitle "FM"]
[BlackTitle "IM"]
[WhiteFideId "1710729"]
[BlackFideId "1701797"]
[WhiteElo "2366"]
[BlackElo "2348"]

1. e4 e5 2. Nf3 Nc6 3. Bb5 a6 4. Ba4 d6 5. O-O Nf6 6. c3 b5 7. Bb3 Be7 8. Re1 O-O 9. h3 Na5 10. Bc2 c5 11. d4 Qc7 12.
Nbd2 cxd4 13. cxd4 Bb7 14.
d5 Rac8 15. Bd3 Ne8 16. a4 Nc4 17. axb5 axb5 18. b3 Nxd2 19. Bxd2 f5 20. Qb1 fxe4 21. Bxe4 Nf6 22. Bf5 Ra8 23. Rxa8 Bxa8 24. Be6+ Kh8 25. Rc1 Qd8 26. Ng5 Qe8 27. Bb4 g6 28.
Rc8 Qxc8 29. Bxc8 Rxc8 30. Bxd6 Bxd6 31. Nf7+ Kg7 32. Nxd6 Rc5 33. Qa1 Rxd5 34. Qa7+ Kh6 35. Nf7+ Kg7 36. Nxe5+ Kh6 37. Nf7+ Kg7 38. Nd8+ 1-0

[Event "Schack-SM 2022: Mastarklassen-Elit"]
[Site "Fyrishov, Idrottsgatan 2, Uppsala, Sweden"]
[Date "2022.07.02"]
[Round "1.4"]
[White "Wiedenkeller, Michael"]
[Black "Andersson, Tommy"]
[Result "1/2-1/2"]
[TimeControl "90 minutes for 40 moves + 30 minutes for the rest of the game + 30 seconds per move from move one."]
[WhiteTitle "IM"]
[BlackTitle "IM"]
[WhiteFideId "1700146"]
[BlackFideId "1703803"]
[WhiteElo "2437"]
[BlackElo "2384"]

1. d4 d5 2. c4 e5 3. dxe5 d4 4. a3 Nc6 5. e3 Be6 6. Nf3 dxe3 7. Qxd8+ Rxd8 8. Bxe3 Nh6 9. Nc3 Nf5 10.
Bg5 Be7 11. Bxe7 Kxe7 12. Be2 Nfd4 13. Nxd4 Rxd4 14. Nb5 Re4 15. Nc3 Rd4 16. Nb5 Re4 17. Nc3 Rd4 1/2-1/2

[Event "Schack-SM 2022: Mastarklassen-Elit"]
[Site "Fyrishov, Idrottsgatan 2, Uppsala, Sweden"]
[Date "2022.07.02"]
[Round "1.5"]
[White "Johansson, Jan"]
[Black "Cederstam, Carl"]
[Result "0-1"]
[TimeControl "90 minutes for 40 moves + 30 minutes for the rest of the game + 30 seconds per move from move one."]
[WhiteTitle "IM"]
[BlackTitle "FM"]
[WhiteFideId "1700103"]
[BlackFideId "1713329"]
[WhiteElo "2306"]
[BlackElo "2332"]

1. d4 d5 2. Nf3 e6 3. c4 a6 4. e3 Nf6 5. Nc3 Nbd7 6. cxd5 exd5 7. Bd3 Bd6 8. O-O O-O 9. Bd2 b6 10.
e4 dxe4 11. Nxe4 Be7 12. Re1 Bb7 13. Ng3 Re8 14. Bc4 b5 15. Qb3 bxc4 16. Qxb7 Qb8 17. Qc6 Qb5 18. Qxc7 Rac8 19. Qa5 Qxb2 20.
Nf5 Bf8 21. Reb1 Qc2 22. Ne3 Qd3 23. Rd1 Ne4 24. Be1 Qa3 25. Qf5 Ndf6 26. Ne5 c3 27. Rdc1 Qa4 28. Nc2 Red8 29. g4 Nd6 30.
Qf3 Nfe4 31. Qf4 Be7 32. Nf3 Rb8 33. Ne3 g5 34. Qe5 Bf6 35. Qd5 Rb5 36. Qc6 Rc8 37. Qd7 Rd8 38. Qc6 Rc8 39.
Qd7 Qa5 40. Rab1 Rc7 41. Rxb5 axb5 42. Nd5 0-1